 Dungeon Crawl Stone Soup version 0.16-a0-309-g112360f (webtiles) character file.

5590 Qrupt the Spear-Bearer (level 10, -1/103 HPs)
             Began as a Naga Gladiator on Aug 31, 2014.
             Slain by a troll (11 damage)
             ... on Level 9 of the Dungeon.
             The game lasted 00:40:21 (11455 turns).

Qrupt the Spear-Bearer (Naga Gladiator)            Turns: 11455, Time: 00:40:21

HP  -1/103       AC 12     Str 24      XL: 10   Next: 72%
MP  10/10        EV  6     Int  9      God:
Gold 300         SH  0     Dex 13      Spells:  0 memorised,  9 levels left

rFire  . . .     SeeInvis +     w - +0 halberd
rCold  . . .     Clarity  .     y - +0 chain mail
rNeg   . . .     rCorr    .     (no shield)
rPois  +         rRot     .     r - +2 hat
rElec  .         Spirit   .     G - +0 cloak
SustAb .         Warding  .     (no gloves)
rMut   +         Stasis   .     (no barding)
Gourm  .                        j - amulet of resist mutation
MR     +....                    u - ring of flight
                                x - +5 ring of strength

@: very slightly contaminated, hasted, quick, somewhat resistant to hostile
enchantments, extremely unstealthy
A: spit poison, see invisible, deformed body, poison resistance, slowness 2, AC
+3
a: Spit Poison, Evoke Flight


You were on level 9 of the Dungeon.
You were near starving.

You visited 1 branch of the dungeon, and saw 9 of its levels.

You collected 396 gold pieces.
You spent 96 gold pieces at shops.

Inventory:

Hand weapons
 a - a +0 trident
 w - a +0 halberd (weapon)
Armour
 b - a +0 leather armour
 c - a +0 helmet
 n - the +2 hat of the High Council {Archmagi, Wiz- Stlth-}
   (You found it on level 4 of the Dungeon)

   It makes you less stealthy.
 r - a +2 hat (worn)
 y - a +0 chain mail (worn)
 G - a +0 cloak (worn)
Magical devices
 l - a wand of magic darts (0)
 o - a wand of frost (10) {unknown}
 H - a wand of hasting (4) {unknown}
 K - a wand of draining (5) {unknown}
Comestibles
 f - 8 bread rations
 h - 4 royal jellies
 i - 3 beef jerkies
 m - 17 fruits
 A - 3 meat rations
Scrolls
 d - 2 scrolls of fear
 e - 3 scrolls of identify
 g - a scroll of amnesia
 s - a scroll of enchant armour
 t - a scroll of teleportation
 v - 2 scrolls of remove curse
 z - 2 scrolls of recharging {unknown}
 D - 2 scrolls of fog {unknown}
 F - a scroll of enchant weapon {unknown}
 I - a scroll of blinking {unknown}
 J - a scroll of holy word {unknown}
Jewellery
 j - an amulet of resist mutation (around neck)
 u - a ring of flight (right hand)
 x - a +5 ring of strength (left hand)
 B - the amulet of the Air {Inacc +Fly rElec EV+5 RMsl}
   (You found it on level 9 of the Dungeon)

   [amulet of inaccuracy]

   It reduces the accuracy of all your attacks.
   It affects your evasion (+5).
   It insulates you from electricity.
   It lets you fly.
   It protects you from missiles.
 L - a -2 ring of protection
Potions
 k - 2 potions of brilliance
 p - a potion of poison
 q - 4 potions of restore abilities


   Skills:
 - Level 10.4 Fighting
 - Level 10.6 Polearms
 - Level 1.7 Throwing
 + Level 4.9 Armour
 - Level 2.4 Dodging


You had 9 spell levels left.
You didn't know any spells.

Dungeon Overview and Level Annotations

Branches:
Dungeon (9/15)             Temple (0/1) D:4            Lair (0/8) D:9
    Orc: D:9-12

Altars:

Shops:
D:5 !


Innate Abilities, Weirdness & Mutations

You cannot wear boots.
You can spit poison.
Your serpentine skin is tough (AC +3).
You have supernaturally acute eyesight.
Armour fits poorly on your strangely shaped body.
Your system is resistant to poisons.
You cover ground very slowly.


Message History

Attack whom?
Press: ? - help, Dir - move target cursor, f/p - troll
Aim: a troll (heavily wounded)
You barely miss the troll.
The troll is heavily wounded.
Attack whom?
Press: ? - help, Dir - move target cursor, f/p - troll
Aim: a troll (heavily wounded)
Your chain mail prevents you from hitting the troll.
The troll is heavily wounded.
The troll bites you!
* * * LOW HITPOINT WARNING * * *
The troll barely misses you. The troll completely misses you.
Attack whom?
Press: ? - help, Dir - move target cursor, f/p - troll
Aim: a troll (heavily wounded)
You hit the troll but do no damage.
The troll is heavily wounded.
The troll bites you!
You die...

.....%#.......#
......'.......# .
......#..##...# #....
'#....#+###..## #....(
.#....#......## #.....#
.#....+.......# #.....#
.'....#.......# #.....#
##....##+##.######.....#
.......#.##.#...@......#
.......+....'...T......#
.......#....#..........#
.......####+#..........+
.......................#
###)###............#+###
..#...#.).........(#...
..'...'............+..#
.##...#............#..#
..


You could see a troll.

Vanquished Creatures
  Joseph (D:8)
  Prince Ribbit (D:4)
  A troll (D:7)
  A spriggan (D:7)
  The ghost of wvc the Ruinous, an average DECj of Vehumet (D:5)
  2 wyverns
  A hippogriff (D:9)
  2 hungry ghosts (D:9)
  2 wargs (D:9)
  Edmund (D:5)
  Menkaure (D:4)
  A sky beast (D:7)
  3 ice beasts
  A black bear (D:4)
  An orc warrior (D:9)
  5 ogres
  3 centaurs
  The ghost of wvc the Ruinous, an average DECj (D:3)
  Blork the orc (D:8)
  2 giant frogs
  A wyvern skeleton (D:9)
  A yak skeleton (D:9)
  3 goliath beetles (D:7)
  2 crimson imps (D:7)
  12 killer bees
  4 hounds
  Crazy Yiuf (D:5)
  2 orc priests (D:5)
  A giant frog zombie (D:8)
  3 iguanas
  11 orc wizards
  8 worker ants
  Terence (D:3)
  A mummy (D:7)
  5 adders
  6 giant mites
  4 gnolls (D:4)
  2 shadow imps
  3 worms
  2 orc zombies
  An adder skeleton (D:4)
  3 giant geckos
  18 orcs
  15 bats
  A bat skeleton (D:4)
  7 giant cockroaches
  17 hobgoblins
  2 jackals (D:4)
  4 quokkas
  6 giant newts
  13 goblins
  13 kobolds
  A kobold skeleton (D:6)
  An orc skeleton (D:4)
  A quokka zombie (D:7)
  21 rats
229 creatures vanquished.

Vanquished Creatures (others)
  An orc wizard (D:4)
  A giant spore (D:8)
2 creatures vanquished.

Grand Total: 231 creatures vanquished

Notes
Turn   | Place    | Note
--------------------------------------------------------------
     0 | D:1      | Qrupt, the Naga Gladiator, began the quest for the Orb.
     0 | D:1      | Reached XP level 1. HP: 19/19 MP: 1/1
   231 | D:1      | Reached XP level 2. HP: 22/27 MP: 2/2
   672 | D:2      | Reached XP level 3. HP: 24/33 MP: 3/3
  1142 | D:2      | Reached skill level 4 in Polearms
  1171 | D:2      | Reached XP level 4. HP: 35/42 MP: 4/4
  1425 | D:3      | Noticed wvc's ghost (average DECj)
  1799 | D:3      | Noticed Terence
  1828 | D:3      | Killed Terence
  2140 | D:3      | Reached XP level 5. HP: 49/49 MP: 5/5
  2234 | D:3      | Killed wvc's ghost
  2438 | D:4      | Noticed an ogre
  2888 | D:4      | Killed an ogre
  2888 | D:4      | Reached skill level 5 in Polearms
  2888 | D:4      | Reached XP level 6. HP: 34/58 MP: 6/6
  3332 | D:4      | Found a staircase to the Ecumenical Temple.
  3336 | D:4      | Noticed Prince Ribbit
  3351 | D:4      | HP: 2/60 [kobold (2)]
  3713 | D:4      | Reached skill level 5 in Fighting
  3781 | D:4      | Reached XP level 7. HP: 61/67 MP: 7/7
  3834 | D:4      | Reached skill level 6 in Polearms
  3950 | D:4      | Noticed Menkaure
  3960 | D:4      | Killed Menkaure
  4028 | D:4      | Killed Prince Ribbit
  4137 | D:4      | Noticed a black bear
  4149 | D:4      | Killed a black bear
  4149 | D:4      | Reached skill level 7 in Polearms
  4149 | D:4      | Reached XP level 8. HP: 74/78 MP: 8/8
  4457 | D:5      | Entered Level 5 of the Dungeon
  4562 | D:5      | Noticed wvc's ghost (average DECj)
  4581 | D:5      | Killed wvc's ghost
  4738 | D:5      | Noticed Edmund
  4749 | D:5      | Killed Edmund
  4753 | D:5      | Reached skill level 8 in Polearms
  5144 | D:5      | Found Nierinn's Distillery.
  5148 | D:5      | Bought a potion of heal wounds for 36 gold pieces
  5148 | D:5      | Bought a potion of heal wounds for 36 gold pieces
  5148 | D:5      | Bought a potion of curing for 24 gold pieces
  5333 | D:5      | Noticed Crazy Yiuf
  5337 | D:5      | Killed Crazy Yiuf
  5693 | D:5      | Reached XP level 9. HP: 88/88 MP: 9/9
  6072 | D:7      | Reached skill level 9 in Polearms
  7649 | D:7      | Reached skill level 10 in Polearms
  8188 | D:8      | Noticed Blork the orc
  8206 | D:8      | Killed Blork the orc
  8266 | D:8      | Reached XP level 10. HP: 102/102 MP: 10/10
  8595 | D:8      | Noticed Joseph
  8607 | D:8      | Killed Joseph
  8607 | D:8      | Reached skill level 10 in Fighting
  9472 | D:9      | Reached skill level 1 in Armour
  9792 | D:9      | HP: 4/103 [yak skeleton (6)]
 10281 | D:9      | Found a staircase to the Lair.
 11440 | D:9      | HP: 3/103 [troll (9)]
 11455 | D:9      | Slain by a troll

Action                   |  1- 3 |  4- 6 |  7- 9 | 10-12 || total
-------------------------+-------+-------+-------+-------++-------
Melee: Trident           |   136 |   167 |       |       ||   303
       Halberd           |       |    64 |   402 |   275 ||   741
Throw: Throwing net      |       |     3 |       |       ||     3
 Abil: Spit Poison       |       |       |     6 |     2 ||     8
  Use: Scroll            |       |     6 |     4 |     4 ||    14
       Potion            |       |     2 |     5 |     8 ||    15
 Stab: Held in net/web   |       |     1 |       |       ||     1
  Eat: Chunk             |     1 |     9 |    13 |     5 ||    28
       Fruit             |       |       |     1 |     1 ||     2
       Pizza             |       |       |     1 |       ||     1
       Meat ration       |       |       |       |     1 ||     1
       Beef jerky        |       |       |       |     1 ||     1
